 Dungeon Crawl Stone Soup version 0.32-a0-975-g85d4e5bfdb (webtiles) character file.

Game seed: 12305629336747462917

134 ezpacito the Chopper (level 5, -2/40 (41) HPs)
             Began as a Coglin Chaos Knight on Apr 19, 2024.
             Was a Plaything of Xom.
             Slain by Crazy Yiuf
             ... wielding a +2 quarterstaff of chaos
              (12 damage)
             ... on level 2 of the Dungeon.
             The game lasted 00:03:07 (1623 turns).

ezpacito the Chopper (Coglin Chaos Knight)          Turns: 1623, Time: 00:03:07

HP:   -2/40 (41)    AC:  6    Str: 15    XL:     5   Next: 17%
MP:   6/6           EV: 10    Int: 11    God:    Xom [....*.]
Gold: 19            SH:  0    Dex: 13    Spells: 5/5 levels left

rFire   . . .        a - +0 hand axe (chaos) {Li}
rCold   . . .        h - +0 spear {Ruka}
rNeg    . . .        b - +2 leather armour
rPois   .            (no helmet)
rElec   .            g - +0 cloak
rCorr   .            (no gloves)
SInv    .            (no boots)
Will    .....        (amulet unavailable)
Stlth   +            (ring unavailable)
HPRegen 0.26/turn    (ring unavailable)
MPRegen 0.10/turn    (no gizmo)

%: no passive effects
@: lightly drained, revved
A: off-hand wielding, slow wielding, warmup strikes, no jewellery
a: Invent Gizmo, Renounce Religion


You were on level 2 of the Dungeon.
You worshipped Xom.
You were a beloved toy of Xom.
You visited 1 branch of the dungeon, and saw 2 of its levels.

You collected 19 gold pieces.

Inventory:

Hand Weapons
 a - a +0 hand axe of chaos (weapon) {Li}
 h - a +0 spear (offhand) {Ruka}
Armour
 b - a +2 leather armour (worn)
 g - a +0 cloak (worn)
Scrolls
 f - a scroll of enchant weapon {unknown}
Potions
 d - a potion of mutation {unknown}
 q - a potion of curing


   Skills:
 * Level 3.6 Fighting
 * Level 3.6(3.8) Axes
 * Level 1.1(2.4) Polearms
 * Level 2.4 Armour
 * Level 1.8 Dodging
 + Level 0.9 Stealth
 + Level 0.9 Spellcasting


You had 5 spell levels left.
You didn't know any spells.
Your spell library contained the following spells:

 Spells                   Type           Power      Damage    Failure   Level
 Kiss of Death            Conj/Necr      0%         2d5       38%         1
 Summon Small Mammal      Summ           0%         N/A       38%         1
 Confusing Touch          Hex            0%         N/A       77%         3
 Dispel Undead            Necr           0%         3d6       99%         4


Dungeon Overview and Level Annotations

Branches:
Dungeon (2/15)

Altars:
Xom

Annotations:
D:2 Crazy Yiuf


Innate Abilities, Weirdness & Mutations

You can wield a second weapon in your off-hand.
It takes a long time for you to wield or remove held weapons.
Your first few attacks do less damage.
You cannot equip rings or amulets.


Message History

You freeze Crazy Yiuf.
Crazy Yiuf is moderately wounded.
You hit Crazy Yiuf but do no damage.
Crazy Yiuf hits you with a +2 quarterstaff of chaos!
You are electrocuted!
You take 18 damage, and have 23/41 hp.
MASSIVE DAMAGE!!
You hit Crazy Yiuf but do no damage.
Crazy Yiuf is moderately wounded.
You closely miss Crazy Yiuf with your +0 spear.
Crazy Yiuf closely misses you.
You barely miss Crazy Yiuf with your +0 hand axe of chaos.
Crazy Yiuf is moderately wounded.
You hit Crazy Yiuf with your +0 spear.
Crazy Yiuf says, "Paint mumblescurry seventy!"
Crazy Yiuf hits you with a +2 quarterstaff of chaos!
* * * LOW HITPOINT WARNING * * *
You are lethally poisoned!
You take 11 damage, and have 12/41 hp.
MASSIVE DAMAGE!!
Okay, then.
It was a potion of curing.
You feel better.
q - a potion of curing Crazy Yiuf hits you but does no damage.
You regained 6 hp, and now have 18/41 hp.
You hit Crazy Yiuf but do no damage.
Crazy Yiuf seems to slow down.
Crazy Yiuf is moderately wounded.
You hit Crazy Yiuf but do no damage.
Crazy Yiuf says, "Which is more difficult, to awaken one who sleeps or to awaken one who, awake, dreams that he is awake?"
Crazy Yiuf hits you with a +2 quarterstaff of chaos!
* * * LOW HITPOINT WARNING * * *
You feel drained.
* * * LOW HITPOINT WARNING * * *
You take 8 damage, and have 10/40 hp.
You hit Crazy Yiuf but do no damage.
Crazy Yiuf is moderately wounded.
You hit Crazy Yiuf but do no damage. You hit Crazy Yiuf but do no damage.
Crazy Yiuf is moderately wounded.
You barely miss Crazy Yiuf with your +0 spear.
Crazy Yiuf hits you with a +2 quarterstaff of chaos!
You die...

#... #######...)....#.## #...#
#####........ #...# #..##....
##### #........ #........
♣♣♣♣♣##....##.. ### ###
♣♣♣.♣....#...##.. #.#
#...#♣..♣........###.) #.#
#...g@♣♣♣♣......####.. #.#
#)..#♣♣ ♣♣....##..... #.# ###
♣♣#####.#### ####b# ###.# #
##bbb.# ##...####
##bb##b################........
##.b###b#.......#.........######
#..####b#.......#.........### ##
#....#.b#...............#...###.


You could see Crazy Yiuf (slow).

Vanquished Creatures
  Terence (D:2)
  3 gnolls (D:2)
  An adder (D:2)
  2 ribbon worms (D:2)
  4 dart slugs
  5 orcs (D:2)
  2 bats (D:2)
  2 endoplasms
  3 giant cockroaches
  3 goblins
  5 hobgoblins
  2 kobolds (D:2)
  4 quokkas (D:2)
  8 ball pythons
  6 rats
51 creatures vanquished.

Notes
Turn   | Place    | Note
-------+----------+-------------------------------------------
     0 | D:1      | ezpacito the Coglin Chaos Knight began the quest for the
                  | Orb.
     0 | D:1      | Reached XP level 1. HP: 18/18 MP: 1/1
   169 | D:1      | Reached skill level 1 in Dodging
   181 | D:1      | XOM: potion effect (curing)
   186 | D:1      | Reached XP level 2. HP: 24/24 MP: 2/2
   371 | D:1      | Found a faded altar of an unknown god.
   377 | D:1      | Got Plato's Vellum of the Mirage
   682 | D:1      | XOM: divination: detect creatures
   705 | D:1      | XOM: divination: magic mapping
   922 | D:2      | Reached XP level 3. HP: 24/29 MP: 3/3
   962 | D:2      | XOM: summons friendly crimson imp
  1015 | D:2      | XOM: polymorph ribbon worm -> ball python
  1059 | D:2      | Reached XP level 4. HP: 15/35 MP: 3/5
  1072 | D:2      | HP: 1/35 [gnoll/+0 spear (8)]
  1076 | D:2      | Reached skill level 1 in Polearms
  1150 | D:2      | XOM: scenery: create altars
  1211 | D:2      | Noticed Terence
  1226 | D:2      | Killed Terence
  1336 | D:2      | Reached XP level 5. HP: 38/41 MP: 6/6
  1373 | D:2      | XOM: scenery: summon butterflies
  1521 | D:2      | XOM: scenery: summon butterflies
  1554 | D:2      | XOM: cloud trail
  1612 | D:2      | Found a runed translucent door.
  1613 | D:2      | Noticed Crazy Yiuf
  1623 | D:2      | Slain by Crazy Yiuf

Illustrated notes

Levels and vault maps discovered:
D:1:      spicycebolla_arrival_risky_transporter, layout_loops_ring,
          serial_rivers, chequers_serial_rivers_micro_c,
          chequers_serial_rivers_micro_c, chequers_serial_rivers_micro_b,
          chequers_serial_rivers_marsh, shapermc_ecumenical_altar_rom_forum,
          chequers_serial_rivers_large_a
D:2:      layout_rooms, uniq_terence, uniq_crazy_yiuf_cottage

Skill      XL: |  1  2  3  4 |
---------------+-------------+-----
Dodging        | 1 |  1.8
Armour         | 2 |  2.4
Polearms       | 1 |  1.1
Fighting       | |  3.6
Axes           | |  3.6
Stealth        | |  0.9
Spellcasting   | |  0.9

Action                     |  1- 3 |  4- 6 || total
---------------------------+-------+-------++-------
  Melee: Dagger            |    46 |       ||    46
         Hand axe          |    62 |    49 ||   111
         Spear             |    18 |    64 ||    82
    Use: Potion            |     2 |     1 ||     3
         Scroll            |     1 |       ||     1
   Stab: Sleeping          |       |     1 ||     1
 Armour: Leather armour    |    47 |    34 ||    81
  Dodge: Dodged            |    32 |    17 ||    49

Table legend: (Time is in decaauts)
 A = Elapsed time spent in this place.
 B = Non-inter-level travel time spent in this place.
 C = Inter-level travel time spent in this place.
 D = Time resting spent in this place.
 E = Time spent auto-exploring this place.
 F = Levels seen in this place.
 G = Mean time per level.
                   A        B        C        D        E       F      G
               +--------+--------+--------+--------+--------+-----+--------+
         Total |   1626 |   1613 |     13 |     74 |   1120 |   2 |  813.0 |
       Dungeon |   1626 |   1613 |     13 |     74 |   1120 |   2 |  813.0 |
               +--------+--------+--------+--------+--------+-----+--------+

Top non-repeatable levels by time:
     D:1: 896 daAuts
     D:2: 730 daAuts
